[Event "Early-Titled-Tuesday-Blitz-March-05-2024"]
[Site "Chess.com"]
[Date "2024.03.05"]
[Round "1"]
[White "Salem-AR"]
[Black "noblerone"]
[Result "1-0"]
[WhiteElo "3030"]
[BlackElo "2513"]
[TimeControl "180+1"]
[EndTime "8:07:04 PST"]
[Termination "Salem-AR won on time"]

1. d4 d5 2. Nf3 Nf6 3. Bf4 e6 4. e3 c5 5. c3 Bd6 6. Nbd2 O-O 7. Bd3 b6 8. Qe2 Qc7 9. Bxd6 Qxd6 10. Ne5 Nbd7 11. f4 Bb7 12. Rd1 Qe7 13. O-O Rad8 14. Qf3 Ne8 15. Qh3 f5 16. g4 g6 17. gxf5 exf5 18. Kh1 Nef6 19. Rg1 Nxe5 20. fxe5 Ne4 21. Rg2 f4 22. Rdg1 Kg7 23. Nf3 Bc8 24. Qh5 Ng3+ 25.
Rxg3 fxg3 26. Rxg3 Kh8 27. Bxg6 Be6 28. Bxh7 Qxh7 29. Qxh7+ Kxh7 30. Ng5+ Kg6 31. Nxe6+ Kf5 32. Nxf8 Ke4 33. Ne6 Re8 34. Nf4 cxd4 35. cxd4 b5 36.
h4 b4 37. h5 a5 38. h6 a4 39.
h7 Rh8 40. Rh3 b3 41. axb3 Rf8 42. bxa4 1-0

[Event "Early-Titled-Tuesday-Blitz-March-05-2024"]
[Site "Chess.com"]
[Date "2024.03.05"]
[Round "1"]
[White "baki83"]
[Black "marik_spb"]
[Result "1-0"]
[WhiteElo "2821"]
[BlackElo "2457"]
[TimeControl "180+1"]
[EndTime "8:07:04 PST"]
[Termination "baki83 won by resignation"]

1. e4 c6 2. Nf3 d5 3. Nc3 dxe4 4. Nxe4 Nf6 5. Qe2 Nxe4 6. Qxe4 Qd5 7. Qf4 Qf5 8. Qg3 Qg4 9. b3 Qxg3 10. hxg3 Nd7 11. Bb2 Nf6 12. Bd3 g6 13. O-O-O Bg7 14. Rde1 Bg4 15.
Ba3 e6 16. Ne5 Bf5 17. Bxf5 gxf5 18. Nc4 O-O-O 19. f3 Kc7 20. Ne5 Ne4 21. Nxf7 Nxg3 22. Rh3 f4 23. Nxd8 Kxd8 24. Rxe6 h5 25. Bd6 Bh6 26.
Kd1 h4 27. Rxh4 Nf5 28. Rh5 Kd7 29. Rf6 Nxd6 30. Rhxh6 Rxh6 31. Rxh6 Nf5 32. Rh7+ Kc8 33. Rf7 Nh4 34. Rxf4 1-0

[Event "Early-Titled-Tuesday-Blitz-March-05-2024"]
[Site "Chess.com"]
[Date "2024.03.05"]
[Round "1"]
[White "Nikolakis2014"]
[Black "Balla_Tamas"]
[Result "1-0"]
[WhiteElo "2768"]
[BlackElo "2434"]
[TimeControl "180+1"]
[EndTime "8:07:04 PST"]
[Termination "Nikolakis2014 won on time"]

1. d4 d5 2. c4 e6 3. Nf3 c5 4. cxd5 exd5 5. g3 Nc6 6. Bg2 Nf6 7. O-O Be6 8. Nc3 cxd4 9. Nxd4 Bc5 10. Be3 Bb6 11. h3 O-O 12. Na4 Bxd4 13. Bxd4 Nxd4 14. Qxd4 b6 15. Rfd1 Rc8 16. Nc3 Qe7 17. e3 Rfd8 18.
Rac1 h6 19. Qd2 Qb4 20. a3 Qb3 21. Ne2 Ne4 22. Bxe4 dxe4 23. Qxd8+ Rxd8 24. Rxd8+ Kh7 25. Rd2 Bxh3 26. Rc7 Bg4 27. Nc3 Bf3 28. Re7 Qc4 29. Rdd7 Bh5 30. Rxe4 Qb3 31. Rd2 Bg6 32. Rb4 1-0

[Event "Early-Titled-Tuesday-Blitz-March-05-2024"]
[Site "Chess.com"]
[Date "2024.03.05"]
[Round "1"]
[White "BilicVladimir"]
[Black "martinmena"]
[Result "1-0"]
[WhiteElo "2621"]
[BlackElo "2322"]
[TimeControl "180+1"]
[EndTime "8:07:04 PST"]
[Termination "BilicVladimir won by resignation"]

1. e4 c6 2. d4 d5 3. Nc3 dxe4 4. Nxe4 Nd7 5. Nf3 Ngf6 6. Nxf6+ Nxf6 7. Ne5 Be6 8. Be2 g6 9. O-O Bg7 10. c3 O-O 11.
Bf4 Nd5 12. Bg3 f6 13. Nd3 Bf5 14. Re1 Re8 15. Bg4 Bxg4 16. Qxg4 f5 17. Qe2 e6 18. Be5 Qg5 19. Bxg7 Kxg7 20. Qe5+ Qf6 21. Qg3 Rad8 22. Re5 Rd7 23. Rae1 Rde7 24. h4 h5 25. Nf4 Nxf4 26.
Qxf4 Rd7 27. g3 Qf7 28. a4 Rd5 29. Qe3 Rxe5 30. Qxe5+ Qf6 31. Qd6 Qe7 32. Qf4 Qf6 33.
Kg2 Re7 34. a5 a6 35. Qd6 Qf7 36. b4 Qf6 37. Re5 Qf7 38. Re3 Qf6 39. c4 Qf7 40. d5 cxd5 41. cxd5 Qe8 42. dxe6 Qc6+ 43. Qxc6 bxc6 44.
Kf3 Kf6 45. Kf4 Rxe6 46. Rxe6+ Kxe6 47. Kg5 Kf7 48. Kh6 Kf6 49. Kh7 Kf7 50. f4 Kf6 51.
Kg8 Ke6 52. Kg7 Kd5 53. Kxg6 Kc4 54. Kxf5 Kxb4 55. Kg6 Kxa5 56. f5 c5 57. f6 c4 58. f7 c3 59. f8=Q Ka4 60. Qa8 a5 61. Qc6+ Kb3 62. Qb5+ Ka2 63. Qxa5+ Kb2 64. Kxh5 1-0

[Event "Early-Titled-Tuesday-Blitz-March-05-2024"]
[Site "Chess.com"]
[Date "2024.03.05"]
[Round "1"]
[White "NowInChess"]
[Black "rhungaski"]
[Result "0-1"]
[WhiteElo "2261"]
[BlackElo "2592"]
[TimeControl "180+1"]
[EndTime "8:07:04 PST"]
[Termination "rhungaski won on time"]

1. e4 g6 2. d3 Bg7 3. g3 c5 4.
Bg2 Nc6 5. f4 d6 6. Nf3 Nf6 7.
O-O O-O 8. Nc3 Rb8 9. a4 a6 10. Nh4 Nd7 11. Be3 Nd4 12. a5 e6 13. Ra2 f5 14. Ne2 b5 15. axb6 Qxb6 16. c3 Nb3 17. exf5 gxf5 18. Nf3 Nf6 19. h3 a5 20. Kh2 Bb7 21. Ng5 Bxg2 22. Kxg2 d5 23. d4 c4 24. Ng1 h6 25. N5f3 Ne4 26. Ne5 Bxe5 27. fxe5 Rf7 28.
Qh5 Rh7 29. Bxh6 Kh8 30. Nf3 Rg8 31. Nh4 Rxg3+ 32. Kh2 Qd8 33. Ng6+ Kg8 34. Rg1 Rxg1 35. Kxg1 Qe8 36. Kh2 Qf7 37. Ra3 Qg7 38. Bxg7 Rxh5 39.
Ne7+ Kxg7 40. Nc6 Rg5 41. Nxa5 Nbd2 42. Nc6 Nf3+ 0-1

[Event "Early-Titled-Tuesday-Blitz-March-05-2024"]
[Site "Chess.com"]
[Date "2024.03.05"]
[Round "1"]
[White "FoggyMorning"]
[Black "epiclord678"]
[Result "1-0"]
[WhiteElo "2721"]
[BlackElo "2421"]
[TimeControl "180+1"]
[EndTime "8:07:05 PST"]
[Termination "FoggyMorning won by checkmate"]

1. e4 c5 2. Nf3 d6 3. d4 cxd4 4.
Nxd4 Nf6 5. Nc3 a6 6. h3 e5 7. Nde2 h5 8. Bg5 Be6 9. Bxf6 Qxf6 10. Nd5 Qd8 11. Nec3 Nd7 12. a4 Rc8 13. Be2 Be7 14. a5 Nf6 15. Nxf6+ Bxf6 16. Bxh5 Rc5 17. Bg4 Bxg4 18. Qxg4 Rxa5 19. Rxa5 Qxa5 20. Qc8+ Bd8 21. O-O Qc7 22. Qg4 O-O 23. Rd1 Qc6 24. Qe2 Bb6 25. Nd5 Re8 26. Qg4 Bd8 27. c3 g6 28. h4 Re6 29. h5 Kg7 30. Ne3 Kh7 31. hxg6+ Rxg6 32. Qf3 Rf6 33. Nf5 Rxf5 34. Qxf5+ Kg7 35. Rd3 Be7 36.
Rg3+ Kf8 37. Rf3 f6 38. Rh3 Ke8 39. Rh8+ Kf7 40. Rh7+ Ke8 41. Qe6 Qc7 42. Rh8# 1-0

[Event "Early-Titled-Tuesday-Blitz-March-05-2024"]
[Site "Chess.com"]
[Date "2024.03.05"]
[Round "1"]
[White "AEMEffi"]
[Black "Hamisandwich"]
[Result "1-0"]
[WhiteElo "2330"]
[BlackElo "2599"]
[TimeControl "180+1"]
[EndTime "8:07:05 PST"]
[Termination "AEMEffi won by checkmate"]

1. d4 Nf6 2. c4 e6 3. g3 c5 4. d5 exd5 5. cxd5 d6 6. Bg2 g6 7.
Nc3 Bg7 8. Nf3 O-O 9. O-O Re8 10.
Bf4 a6 11. a4 h6 12. Nd2 g5 13.
Be3 Nbd7 14. Nc4 Ne5 15. Nxe5 Rxe5 16. Bd2 Re8 17. e4 Ng4 18. h3 Ne5 19. f4 gxf4 20. gxf4 Nc4 21. Bc1 Qh4 22. Kh2 Bd7 23. Qf3 b5 24.
axb5 axb5 25. Rxa8 Rxa8 26. b3 b4 27. Ne2 Nb6 28.
Be3 Ra2 29. Bf2 Qe7 30. Ng3 Kh7 31. Nh5 Bc3 32. Qg3 Qd8 33. e5 Bf5 34. Qg7# 1-0

[Event "Early-Titled-Tuesday-Blitz-March-05-2024"]
[Site "Chess.com"]
[Date "2024.03.05"]
[Round "1"]
[White "LaPiToB"]
[Black "Let_it_be_1"]
[Result "1-0"]
[WhiteElo "2289"]
[BlackElo "2584"]
[TimeControl "180+1"]
[EndTime "8:07:05 PST"]
[Termination "LaPiToB won by resignation"]

1. d4 d5 2. c4 e6 3. Nf3 Nf6 4. Nc3 Be7 5. Bf4 O-O 6. e3 Nbd7 7. cxd5 exd5 8. Bd3 c6 9. O-O Re8 10. a3 a5 11. Qc2 Nf8 12. Rab1 Ng6 13. Bg3 Bd6 14. b4 axb4 15. axb4 b5 16. Rfc1 Bxg3 17. hxg3 Bd7 18.
Nd2 Qe7 19. Ne2 Qd6 20. Bf5 Rec8 21. Bxd7 Nxd7 22. Nb3 Nb6 23. Na5 Nc4 24. Nxc4 bxc4 25. Nc3 Rcb8 26. b5 cxb5 27. Rxb5 Rxb5 28. Nxb5 Qc6 29.
Nc3 Ne7 30. Rb1 g6 31. Qb2 Qd6 32. Qb7 Ra3 33. Nb5 Qa6 34. Qb8+ Kg7 35. Nxa3 Qxa3 36.
Qe5+ Kh6 37. Rb7 c3 38. Rxe7 c2 39. Qf4+ 1-0

[Event "Early-Titled-Tuesday-Blitz-March-05-2024"]
[Site "Chess.com"]
[Date "2024.03.05"]
[Round "1"]
[White "Jesseinkman"]
[Black "PeshkaCh"]
[Result "0-1"]
[WhiteElo "2465"]
[BlackElo "2850"]
[TimeControl "180+1"]
[EndTime "8:07:06 PST"]
[Termination "PeshkaCh won on time"]

1. d4 Nf6 2. Nf3 e6 3. e3 d5 4. b3 c5 5. Bb2 Nc6 6. Nbd2 Bd6 7. a3 O-O 8. Bd3 cxd4 9. exd4 Qc7 10. Qe2 Re8 11.
Ne5 Bxe5 12. dxe5 Nd7 13. Nf3 Nc5 14. Ng5 h6 15. Bh7+ Kf8 16. Qh5 hxg5 17. Qxg5 Bd7 18.
h4 d4 19. h5 Rac8 20. f4 Qd8 21. Qg3 f5 22. h6 Re7 23. Bg6 gxh6 24. Rxh6 Rg7 25.
Rh8+ Rg8 26. Rh7 Be8 27. Qh2 Bxg6 28. Qh6+ Ke8 29. Rg7 Rxg7 30. Qxg7 Qh4+ 31. Kf1 Ne7 32. Bc1 Ne4 0-1

[Event "Early-Titled-Tuesday-Blitz-March-05-2024"]
[Site "Chess.com"]
[Date "2024.03.05"]
[Round "1"]
[White "tolimachess"]
[Black "K_A_S_T_O_R"]
[Result "0-1"]
[WhiteElo "2448"]
[BlackElo "2798"]
[TimeControl "180+1"]
[EndTime "8:07:06 PST"]
[Termination "K_A_S_T_O_R won on time"]

1. e4 c5 2. Nf3 d6 3. d4 cxd4 4.
Qxd4 Bd7 5. Nc3 Nc6 6. Qd3 Nf6 7. Nd5 Ng4 8. Be2 e6 9. Ne3 Nxe3 10. Bxe3 Qc7 11.
O-O-O Be7 12. Kb1 Rd8 13. Bf4 Ne5 14. Nxe5 dxe5 15. Be3 b6 16. Qb3 O-O 17. Rd2 Bc6 18.
f3 Rxd2 19. Bxd2 Bc5 20. Rd1 Rd8 21. Be3 Rxd1+ 22. Bxd1 Qd6 23. Be2 h6 24. Qc3 Bxe3 25. Qxe3 Kf8 26. Kc1 Ke7 27. Qd2 Qc5 28. Qe1 Qe3+ 29.
Kd1 Ba4 30. b3 Bc6 31. a4 a5 32. Bc4 Qd4+ 33. Qd2 Qg1+ 34. Qe1 Qxg2 35. Qe2 Qxe2+ 36.
Kxe2 f5 37. Ke3 g5 38. Bd3 Kf6 39. c3 h5 40. Bc2 g4 41. b4 Bd7 42. bxa5 bxa5 43. c4 f4+ 44. Kf2 Kg5 45. c5 Bc6 46. Bd3 Bxa4 47. Bc4 Kf6 48. Be2 Bc2 49. Bb5 Ke7 50. Bc4 Bd1 0-1

[Event "Early-Titled-Tuesday-Blitz-March-05-2024"]
[Site "Chess.com"]
[Date "2024.03.05"]
[Round "1"]
[White "vladgoncharov"]
[Black "Christ_is_alive"]
[Result "1-0"]
[WhiteElo "2654"]
[BlackElo "2354"]
[TimeControl "180+1"]
[EndTime "8:07:06 PST"]
[Termination "vladgoncharov won on time"]

1. d4 Nf6 2. c4 g6 3. Nc3 Bg7 4. e4 d6 5. h3 O-O 6. Bg5 c5 7. d5 e6 8. Bd3 a6 9. Nge2 exd5 10. exd5 Nbd7 11. Ng3 Ne5 12. Be2 h6 13. Be3 Re8 14. O-O Bd7 15. a4 g5 16. Qd2 Ng6 17. Kh2 Nh4 18. Bd3 Qc8 19. Bxg5 hxg5 20. Qxg5 Ng6 21.
Bxg6 fxg6 22. Qxg6 Re5 23. Rae1 Qe8 24. Qb1 Nh5 25.
Rxe5 Bxe5 26. Re1 Qf7 27. Ne4 Rf8 28. b3 1-0

[Event "Early-Titled-Tuesday-Blitz-March-05-2024"]
[Site "Chess.com"]
[Date "2024.03.05"]
[Round "1"]
[White "JiiHart"]
[Black "RedFirePanda"]
[Result "0-1"]
[WhiteElo "2169"]
[BlackElo "2551"]
[TimeControl "180+1"]
[EndTime "8:07:06 PST"]
[Termination "RedFirePanda won by resignation"]

1. e4 d5 2. exd5 Qxd5 3. d4 e5 4.
Nf3 exd4 5. Qxd4 Qxd4 6. Nxd4 Nf6 7. Nc3 c6 8. Bd3 Bc5 9. Nf5 O-O 10. O-O Nbd7 11.
Bd2 Ne5 12. Ne4 Nxd3 13. Nxf6+ gxf6 14. Nh6+ Kg7 15. cxd3 Rd8 16. Bc3 Kxh6 17. Rac1 Rxd3 18. Bxf6 Bd4 19. Be7 Be6 20. b3 Re8 21. Bh4 Rd2 22.
Rcd1 Rxd1 23. Rxd1 Be5 24. Re1 Bc7 25. g4 Rg8 26. h3 Kg6 27. f3 h5 28. Kf2 hxg4 29. hxg4 Rh8 30. Bg3 Bxg3+ 31. Kxg3 Rd8 32. Re3 Rd2 33.
a3 Rb2 34. b4 Rb3 35. Rxb3 Bxb3 36. f4 b6 37. Kh4 c5 38. f5+ Kf6 39. Kg3 cxb4 40. axb4 a5 41. bxa5 bxa5 42. Kf4 a4 43. g5+ Kg7 44. Ke3 a3 0-1

[Event "Early-Titled-Tuesday-Blitz-March-05-2024"]
[Site "Chess.com"]
[Date "2024.03.05"]
[Round "1"]
[White "Dale"]
[Black "Actuary44"]
[Result "0-1"]
[WhiteElo "2092"]
[BlackElo "2541"]
[TimeControl "180+1"]
[EndTime "8:07:06 PST"]
[Termination "Actuary44 won on time"]

1. Nf3 d6 2. g3 e5 3. d4 e4 4.
Nh4 f5 5. c4 Nf6 6. Nc3 g6 7.
Bg2 Bg7 8. O-O c6 9. d5 O-O 10. f3 cxd5 11. Nxd5 Nxd5 12. Qxd5+ Kh8 13. fxe4 fxe4 14.
Rxf8+ Qxf8 15. Bxe4 Nc6 16. Bg5 Bh3 17. Rd1 Bxb2 18. Rb1 Bf6 19. Nf3 Re8 20. Rxb7 Nd8 21. Rxa7 Ne6 22. Bxf6+ Qxf6 23. Qxd6 Qa1+ 24. Kf2 Ng7 25.
Qd3 Nf5 26. Ne1 Qf6 27. Bxf5 Bxf5 28. Qf3 Qb6+ 29. c5 Qxc5+ 0-1

[Event "Early-Titled-Tuesday-Blitz-March-05-2024"]
[Site "Chess.com"]
[Date "2024.03.05"]
[Round "1"]
[White "Josetricks"]
[Black "aljado"]
[Result "1/2-1/2"]
[WhiteElo "2530"]
[BlackElo "2061"]
[TimeControl "180+1"]
[EndTime "8:07:07 PST"]
[Termination "Game drawn by repetition"]

1. e4 c5 2. c3 e6 3. Nf3 d5 4. exd5 exd5 5. d4 Nc6 6. Bd3 Nf6 7. h3 cxd4 8. Nxd4 Nxd4 9. cxd4 Bb4+ 10. Nc3 O-O 11. O-O Be6 12. Bg5 h6 13. Bh4 a6 14.
Bc2 Rc8 15. Qd3 g6 16. Rfe1 Re8 17. Qg3 Kg7 18. Re3 Nh5 19. Qe5+ f6 20. Qh2 g5 21.
Bg3 Qd7 22. Bd1 Bf7 23. Bg4 Qc6 24. Bxc8 Rxe3 25. Bxb7 Qxb7 26. fxe3 Bxc3 27. bxc3 Qb2 28. Re1 Qxa2 29. Bd6 Qd2 30. Kf1 Bg6 31. Ra1 Qxe3 32. g4 Bd3+ 33. Kg2 Be4+ 34. Kf1 Bd3+ 35. Kg2 Be4+ 36.
Kf1 Bd3+ 1/2-1/2

[Event "Early-Titled-Tuesday-Blitz-March-05-2024"]
[Site "Chess.com"]
[Date "2024.03.05"]
[Round "1"]
[White "Mesa_1"]
[Black "XDPS"]
[Result "0-1"]
[WhiteElo "2487"]
[BlackElo "2903"]
[TimeControl "180+1"]
[EndTime "8:07:08 PST"]
[Termination "XDPS won by resignation"]

1. e4 g6 2. d4 Bg7 3. Nc3 d6 4. Nf3 a6 5. Be2 e6 6. h4 h6 7. Bf4 Nd7 8. Qd2 Ngf6 9. e5 Nh5 10. Bh2 Bf8 11. g4 Ng7 12. O-O-O h5 13. Ng5 hxg4 14. Bxg4 Rxh4 15. f3 Nf5 16. d5 Rxh2 17. Rxh2 Nxe5 18. dxe6 Bxe6 19. Rh8 Qe7 20. Bxf5 gxf5 21.
Nh7 O-O-O 22. Rxf8 Rxf8 23. Nxf8 Qxf8 24. f4 Ng6 25.
Qe3 Qh6 26. Rf1 Kb8 27. a4 Qh2 28. a5 Qg2 29. Rg1 Qh2 30. Rxg6 fxg6 31. Qxe6 Qxf4+ 32. Kb1 g5 33. Qe8+ Ka7 34. Qd7 Qf1+ 35. Ka2 Qc4+ 36. Kb1 f4 37. Qf5 Qc5 38. Qe4 Qxa5 39. b4 Qe5 40. Qxe5 dxe5 41. Ne4 g4 42. c4 g3 43. Ng5 g2 44. Nf3 e4 0-1

[Event "Early-Titled-Tuesday-Blitz-March-05-2024"]
[Site "Chess.com"]
[Date "2024.03.05"]
[Round "1"]
[White "CarlosjPineror"]
[Black "abc_xyz4744"]
[Result "1-0"]
[WhiteElo "2713"]
[BlackElo "2415"]
[TimeControl "180+1"]
[EndTime "8:07:08 PST"]
[Termination "CarlosjPineror won by checkmate"]

1. e4 c5 2. Nf3 g6 3. g3 Bg7 4.
Bg2 Nc6 5. O-O d6 6. h3 e5 7. c3 Nge7 8. Na3 O-O 9. Nc2 f5 10. d3 h6 11. a3 Be6 12. b4 b6 13. Bb2 d5 14. Re1 fxe4 15. dxe4 d4 16. cxd4 cxd4 17.
Qd2 Qd7 18. Kh2 Kh7 19. Rec1 Rac8 20. Nce1 Rc7 21. Nd3 Nc8 22. b5 Na5 23. Rxc7 Qxc7 24. Rc1 Qe7 25. Qb4 Qxb4 26. axb4 Nc4 27. Rc2 N8d6 28.
Nd2 Nxd2 29. Rxd2 Nxb5 30. f4 Bc4 31. Nxe5 Bxe5 32. fxe5 d3 33. h4 a5 34. bxa5 bxa5 35. Bh3 a4 36. e6 a3 37. Be5 Re8 38. Ba1 h5 39. Kg2 Bxe6 40. Bxe6 Rxe6 41. Rxd3 Rxe4 42. Rb3 Nd4 43. Rxa3 Nf5 44. Kf3 Rb4 45. Bc3 Rb7 46. Ra8 Rc7 47. Rh8# 1-0

[Event "Early-Titled-Tuesday-Blitz-March-05-2024"]
[Site "Chess.com"]
[Date "2024.03.05"]
[Round "1"]
[White "Matols"]
[Black "HATilay"]
[Result "0-1"]
[WhiteElo "2397"]
[BlackElo "2698"]
[TimeControl "180+1"]
[EndTime "8:07:08 PST"]
[Termination "HATilay won by checkmate"]

1. d4 Nf6 2. c4 e6 3. g3 d5 4. Nf3 Be7 5. Bg2 O-O 6. O-O dxc4 7.
Qc2 a6 8. a4 Bd7 9. Qxc4 Bc6 10. Bf4 Bd6 11. Qc1 Nbd7 12. Nc3 b5 13. Nxb5 Bxb5 14. axb5 axb5 15. Rxa8 Qxa8 16. Ne5 Qa7 17. Nc6 Qa2 18. Bxd6 cxd6 19. e3 Nb6 20. Ne7+ Kh8 21. Qc7 Nc4 22. b4 Qa4 23. Nc6 g6 24. Qe7 Kg7 25. Nd8 Rxd8 26. Qxd8 Qxb4 27. Ra1 Ng4 28. h3 Nxf2 29. Ra8 Qe1+ 30. Kh2 Nxe3 31. Qh8+ Kh6 32. Qf8+ Kh5 33. g4+ Nexg4+ 34. hxg4+ Nxg4+ 35. Kh3 Qh4# 0-1

[Event "Early-Titled-Tuesday-Blitz-March-05-2024"]
[Site "Chess.com"]
[Date "2024.03.05"]
[Round "1"]
[White "twofoxniel"]
[Black "javirec"]
[Result "1-0"]
[WhiteElo "2590"]
[BlackElo "2257"]
[TimeControl "180+1"]
[EndTime "8:07:08 PST"]
[Termination "twofoxniel won on time"]

1. e4 c5 2. c3 Nf6 3. e5 Nd5 4. d4 cxd4 5. cxd4 d6 6. Bc4 Nb6 7. Bb5+ Bd7 8. e6 fxe6 9. Bd3 g6 10. h4 Bg7 11. h5 Nc6 12. hxg6 h6 13. Nf3 Qc7 14.
Nc3 a6 15. Be3 Nd5 16. Nxd5 exd5 17. a3 Bg4 18. Rh4 Qd7 19. Qd2 e5 20. Be2 e4 21.
Ng1 Bf5 22. Nh3 Bxg6 23. Nf4 Bf7 24. Bh5 O-O-O 25. O-O-O Kb8 26. Kb1 Bf6 27. Rh2 Bg5 28. Bxf7 Qxf7 29. Nh5 Rhg8 30. Rdh1 Rdf8 31. g3 Qf3 32. Nf4 Ne7 33. Ne6 Bxe3 34. fxe3 Rf6 35. Rxh6 Rxg3 36. Rh8+ 1-0

[Event "Early-Titled-Tuesday-Blitz-March-05-2024"]
[Site "Chess.com"]
[Date "2024.03.05"]
[Round "1"]
[White "LikeWater"]
[Black "Massakru"]
[Result "1-0"]
[WhiteElo "2694"]
[BlackElo "2393"]
[TimeControl "180+1"]
[EndTime "8:07:09 PST"]
[Termination "LikeWater won by resignation"]

1. e4 e5 2. Nf3 Nc6 3. Bc4 Nf6 4.
Ng5 d5 5. exd5 Na5 6. Bb5+ c6 7. dxc6 bxc6 8. Qf3 Be7 9. Bd3 O-O 10. O-O h6 11.
Nh3 Re8 12. Nc3 Nd5 13. Bf5 Bb7 14. d3 Bd6 15. Re1 Rb8 16. Bd2 Ba8 17. Ne4 Bf8 18. c4 Nb4 19. Rad1 Nc2 20. Qg4 Nxe1 21. Bxh6 Nxd3 22.
Bg5 Be7 23. Bxe7 Qxe7 24. Rxd3 Rbd8 25. Qh5 g6 26. Bxg6 fxg6 27. Qxg6+ Kh8 28. Nf6 Qxf6 29.
Qxf6+ Kg8 30. Ng5 1-0

[Event "Early-Titled-Tuesday-Blitz-March-05-2024"]
[Site "Chess.com"]
[Date "2024.03.05"]
[Round "1"]
[White "AldokhinIvan"]
[Black "UK_23"]
[Result "1-0"]
[WhiteElo "2670"]
[BlackElo "2373"]
[TimeControl "180+1"]
[EndTime "8:07:09 PST"]
[Termination "AldokhinIvan won by resignation"]

1. d4 d5 2. c4 e6 3. Nc3 Nf6 4. cxd5 exd5 5. Bg5 Be7 6. e3 O-O 7. Bd3 Re8 8. Qc2 h6 9. Bh4 c5 10. Nge2 Nc6 11. a3 c4 12. Bf5 Bxf5 13. Qxf5 g5 14. Bg3 Qc8 15. Qc2 a6 16. h4 Qe6 17. hxg5 hxg5 18.
Ng1 Kg7 19. Nf3 Ne4 20. Nxe4 Qxe4 21. Qxe4 dxe4 22. Nd2 b5 23. Nxe4 f5 24. Nc3 Nxd4 25. exd4 Bxa3+ 26. Kd2 Bxb2 27. Rab1 Bxc3+ 28. Kxc3 f4 29. Bh2 Re2 30. g3 f3 31. g4 Rxf2 32. Be5+ Kg6 33. Rh3 Rf8 34. Rbh1 Re2 35. Rh7 1-0

[Event "Early-Titled-Tuesday-Blitz-March-05-2024"]
[Site "Chess.com"]
[Date "2024.03.05"]
[Round "1"]
[White "1mbl4"]
[Black "jimmy-schlumpf"]
[Result "0-1"]
[WhiteElo "2601"]
[BlackElo "2331"]
[TimeControl "180+1"]
[EndTime "8:07:09 PST"]
[Termination "jimmy-schlumpf won on time"]

1. d4 Nf6 2. Bf4 g6 3. Nc3 d5 4. e3 Bg7 5. h4 c5 6. h5 Nxh5 7. Rxh5 gxh5 8. Bb5+ Nc6 9. Qxh5 Be6 10. Nf3 cxd4 11. Nxd4 Qd7 12. Nxe6 Qxe6 13. Nxd5 O-O-O 14. O-O-O Ne5 15. e4 Ng6 16. Bc7 Rxd5 17. exd5 Qf6 18. Bg3 Qxb2+ 19. Kd2 Qxb5 20. Qf5+ Qd7 21. Qe4 b6 22.
Qc4+ Kb7 23. Ke2 Rc8 24. Qe4 Qb5+ 25. Ke1 Bc3+ 26. Rd2 Bxd2+ 27. Kxd2 Qc5 28. d6+ Ka6 0-1

[Event "Early-Titled-Tuesday-Blitz-March-05-2024"]
[Site "Chess.com"]
[Date "2024.03.05"]
[Round "1"]
[White "Preobrazhenska_D2011"]
[Black "Nemegejas"]
[Result "0-1"]
[WhiteElo "2443"]
[BlackElo "2786"]
[TimeControl "180+1"]
[EndTime "8:07:10 PST"]
[Termination "Nemegejas won on time"]

1. e4 c6 2. d4 d5 3. e5 Bf5 4. h4 h5 5. Bd3 Bxd3 6. Qxd3 Qa5+ 7. Nd2 e6 8. Nf3 Nh6 9. O-O Nf5 10. a4 Qa6 11. c4 c5 12. dxc5 Nc6 13. Qc2 Nb4 14. Qb3 Bxc5 15. cxd5 exd5 16. Ng5 Nd4 17. Qh3 Nd3 18. Kh1 O-O 19. b3 Rae8 20. Ba3 Bxa3 21. Rxa3 Rxe5 22. Qg3 Rfe8 23. Raa1 Nf5 24. Qh3 g6 25. Ndf3 Re2 26. Kg1 Qb6 27. Kh1 Nxf2+ 28. Rxf2 Qxf2 29. Rg1 d4 30. Qh2 Ng3+ 0-1

[Event "Early-Titled-Tuesday-Blitz-March-05-2024"]
[Site "Chess.com"]
[Date "2024.03.05"]
[Round "1"]
[White "Sokoloco"]
[Black "KorolDimitriy75"]
[Result "1-0"]
[WhiteElo "2782"]
[BlackElo "2442"]
[TimeControl "180+1"]
[EndTime "8:07:10 PST"]
[Termination "Sokoloco won on time"]

1. b3 c5 2. Bb2 Nc6 3. e3 d6 4.
d4 cxd4 5. exd4 d5 6. Nf3 Nf6 7. Be2 g6 8. O-O Bg7 9. c4 O-O 10. Nc3 b6 11. Ne5 Bb7 12. Bf3 Rc8 13. Nxd5 Nxd5 14.
Bxd5 e6 15. Nxc6 Bxc6 16. Bxc6 Rxc6 17. Qf3 Rd6 18. Ba3 Bxd4 19. Bxd6 Qxd6 20. Rad1 Rd8 21. g3 Kg7 22. Kg2 e5 23. h4 h5 24. Qe4 f5 25. Qe2 Qc6+ 26. f3 Rd6 27. Qd2 a5 28. Qg5 Qd7 29. Rd3 Qc6 30. Rfd1 Kf7 31. Qh6 Kf6 32.
Qf8+ Ke6 33. Re1 Qc5 34. Qg7 1-0

[Event "Early-Titled-Tuesday-Blitz-March-05-2024"]
[Site "Chess.com"]
[Date "2024.03.05"]
[Round "1"]
[White "Josgar05"]
[Black "LornerAcosta"]
[Result "1-0"]
[WhiteElo "2371"]
[BlackElo "2621"]
[TimeControl "180+1"]
[EndTime "8:07:11 PST"]
[Termination "Josgar05 won by resignation"]

1. Nf3 d5 2. b3 Nf6 3. Bb2 e6 4. c4 Be7 5. e3 O-O 6. Nc3 b6 7. cxd5 exd5 8. d4 Bg4 9. h3 Bh5 10. Be2 c6 11. O-O Nbd7 12. Rc1 Bd6 13. Ne5 Bxe2 14.
Nxe2 c5 15. Ng3 Re8 16. f4 Rc8 17. Qd3 Qc7 18. Nf5 Bf8 19. Ng3 Qb7 20. Rce1 a6 21.
Rf3 b5 22. Ref1 c4 23. Qd2 b4 24. Qc2 Nb6 25. h4 a5 26. h5 h6 27. Nf5 Ne4 28. Rh3 cxb3 29. Qxb3 Nd2 30. Qd1 Nxf1 31. Qxf1 Nd7 32. Rg3 Nxe5 33. dxe5 Re6 34. Nd4 Rb6 35.
f5 f6 36. e6 Qc7 37. Qf3 Bd6 38. Rg4 Qc1+ 39. Bxc1 Rxc1+ 40. Kf2 a4 41. Qxd5 Rc8 42. e7+ Kh7 43. Qf7 Rg8 44. Qxg8+ 1-0

[Event "Early-Titled-Tuesday-Blitz-March-05-2024"]
[Site "Chess.com"]
[Date "2024.03.05"]
[Round "1"]
[White "AccioChess"]
[Black "chess94cu"]
[Result "0-1"]
[WhiteElo "2356"]
[BlackElo "2659"]
[TimeControl "180+1"]
[EndTime "8:07:12 PST"]
[Termination "chess94cu won on time"]

1. e4 d6 2. d4 Nf6 3. Nc3 Nbd7 4. Nf3 e5 5. Bc4 Be7 6. O-O O-O 7. h3 c6 8. Re1 b5 9. Bb3 a5 10. a4 b4 11. Nb1 h6 12. dxe5 dxe5 13. Nbd2 Re8 14.
Nc4 Qc7 15. c3 Ba6 16. Qc2 Bf8 17. Be3 Rab8 18. Rad1 bxc3 19. bxc3 Nxe4 20. Nxa5 Nec5 21.
Qa2 Nxb3 22. Nxb3 Bc4 23. Nfd2 Be6 24. Qc2 Nf6 25. c4 Bb4 26. Ra1 Ra8 27. Reb1 c5 28.
a5 Qc8 29. Nf3 Bf5 30. Qb2 Bxb1 31. Qxb1 e4 32. Nfd2 Qc6 33. Qc2 Red8 34. Nf1 Rd3 35. Ng3 Ra6 36. Nf5 Qe6 0-1

[Event "Early-Titled-Tuesday-Blitz-March-05-2024"]
[Site "Chess.com"]
[Date "2024.03.05"]
[Round "1"]
[White "SahibSinghKnight"]
[Black "Bekkedahl"]
[Result "1-0"]
[WhiteElo "2563"]
[BlackElo "2187"]
[TimeControl "180+1"]
[EndTime "8:07:12 PST"]
[Termination "SahibSinghKnight won by resignation"]

1. e4 c5 2. Nf3 g6 3. d4 cxd4 4.
Nxd4 Nc6 5. Nc3 Bg7 6. Be3 Nf6 7. Bc4 O-O 8. Bb3 a5 9. f3 d5 10. exd5 Nb4 11. Qd2 Nfxd5 12. Nxd5 Nxd5 13. O-O-O Nxe3 14. Qxe3 Qb6 15. Nf5 Qxe3+ 16. Nxe3 Bh6 17. Rhe1 b6 18. Kb1 a4 19. Bd5 Ra7 20. Nc4 b5 21. Ne5 Bb7 22. Bxb7 Rxb7 23. Rd7 Rxd7 24. Nxd7 Re8 25. Nf6+ Kf8 26.
Nxe8 Kxe8 27. c4 bxc4 28. Re4 Kd7 29. Rxc4 a3 30. bxa3 f5 31. Kc2 e5 32. Rh4 Bf4 33. Rxh7+ Kc6 34. g3 Be3 35. Rg7 g5 36. Rg6+ Kd5 37.
a4 e4 38. fxe4+ fxe4 39. a5 Bg1 40. a6 e3 41. a7 e2 42. a8=Q+ Kd4 43. Qa7+ Ke4 44.
Qxg1 1-0